 Dungeon Crawl Stone Soup version 0.26-a0-631-ged93497179 (webtiles) character file.

Game seed: 8413689323779292085

235 DogServant the Insei (level 6, -2/47 HPs)
             Began as a Merfolk Transmuter on Sept 11, 2020.
             Slain by an orc
             ... wielding a +0 short sword
              (5 damage)
             ... on level 3 of the Dungeon.
             The game lasted 00:06:55 (3856 turns).

DogServant the Insei (Merfolk Transmuter)           Turns: 3856, Time: 00:06:55

Health: -2/47      AC:  2    Str: 11    XL:     6   Next: 5%
Magic:  7/9        EV: 10    Int: 12    God:
Gold:   91         SH:  0    Dex: 16    Spells: 8/9 levels left

rFire    . . .     SeeInvis .     - Unarmed
rCold    . . .     Faith    .   (no shield)
rNeg     . . .     Spirit   .   a - +0 robe
rPois    .         Reflect  .   (helmet currently unavailable)
rElec    .         Harm     .   (no cloak)
rCorr    .         Rampage  .   (no gloves)
MR       .....                  (boots currently unavailable)
Stlth    +.........             (no amulet)
HPRegen  0.15/turn              (no ring)
MPRegen  0.11/turn              (no ring)

@: appendages, very slightly contaminated, constricted
A: change form in water, swift swim, stealthy swim, horns 2
a: End Transformation


You were on level 3 of the Dungeon.
You had grown temporary horns.
You visited 1 branch of the dungeon, and saw 3 of its levels.

You collected 91 gold pieces.

Inventory:

Armour
 a - a +0 robe (worn)
Scrolls
 b - 2 scrolls of identify {unknown}
 c - a scroll of magic mapping {unknown}
 d - 2 scrolls of teleportation {unknown}
 e - a scroll of remove curse {unknown}
 k - a scroll of blinking {unknown}
Potions
 f - 2 potions of curing
 g - a potion of heal wounds {unknown}
 h - a potion of might {unknown}
 i - a potion of stabbing {unknown}
 j - a potion of mutation {unknown}


   Skills:
 + Level 3.5 Fighting
 - Level 2.6 Dodging
 * Level 6.1 Unarmed Combat
 - Level 2.0 Spellcasting
 - Level 3.1 Transmutations


You had 8 spell levels left.
You knew the following spells:

 Your Spells              Type           Power        Failure   Level
a - Beastly Appendage     Tmut           #.....       8%          1

Your spell library contained the following spells:

 Spells                   Type           Power        Failure   Level
 Wereblood                Tmut           #.......     12%         2
 Spider Form              Tmut/Pois      #.........   41%         3
 Ice Form                 Ice/Tmut       #.......     82%         4
 Blade Hands              Tmut           #.........   91%         5


Dungeon Overview and Level Annotations

Branches:
Dungeon (3/15)

Altars:
Hepliaklqana
Yredelemnul

Annotations:
D:3 2 runed translucent doors, Colgate's ghost, weakling SpDe; Ijyb


Innate Abilities, Weirdness & Mutations

You revert to your normal form in water.
You are very nimble and swift while swimming.
You are very stealthy in the water. (Stealth+)
You have a pair of horns on your head.


Message History

You are very lightly contaminated with residual magic.
Nothing appears to happen.
Ijyb screams, "Me kill you!" Ijyb hits you but does no damage.
The ball python bites you but does no damage.
The ball python constricts you. The orc hits you but does no damage.
Casting: Beastly Appendage (safe; 8% risk of failure)
Confirm with . or Enter, or press ? or * to list all spells.
You grow a pair of large bovine horns.
The ball python bites you. The ball python constricts you.
Ijyb zaps a wand.
The puff of flame hits you!
* * * LOW HITPOINT WARNING * * *
An orc comes into view.
The orc hits you with a +0 short sword.
* * * LOW HITPOINT WARNING * * *
Unknown command.
You hit Ijyb but do no damage. You headbutt Ijyb, but do no damage.
You punch Ijyb, but do no damage. The ball python closely misses you.
The ball python constricts you.
Ijyb zaps a wand.
The puff of flame misses you. The orc hits you with a +0 short sword.
You die...

#...........##...######....#
#.######†#####...#....†#####
#.#....#.#####...#.###.#
#'#..#.#...........# #.#
..........########## #.#
..........# .# #.#
..........# ####'###(####
.####++#### #..oo((.<(..#
.#......W# #.@o........#
.##..#.⌠.≈# #.Sg........#
.##≈≈≈≈≈#≈# #...........#
.#.#..$.≈## #.........>.# ##
.............#
..............#
....####......# .... ####


You could see Ijyb, 3 orcs and a ball python.

Vanquished Creatures
  A bullfrog (D:3)
  Jessica (D:2)
  An orc wizard (D:3)
  A worker ant (D:3)
  2 adders
  3 worms
  A dart slug (D:2)
  9 orcs (D:3)
  A ball python (D:1)
  A giant cockroach (D:1)
  2 gnoll zombies (D:3)
  6 hobgoblins
  6 jackals
  3 quokkas (D:3)
  8 bats
  4 frilled lizards (D:1)
  4 goblins
  5 kobolds
  6 rats
65 creatures vanquished.

Notes
Turn   | Place    | Note
-------+----------+-------------------------------------------
     0 | D:1      | DogServant the Merfolk Transmuter began the quest for the
                  | Orb.
     0 | D:1      | Reached XP level 1. HP: 15/15 MP: 3/3
   224 | D:1      | Reached XP level 2. HP: 7/21 MP: 3/5
   230 | D:1      | HP: 1/21 [rat (1)]
   248 | D:2      | Found a hazy altar of Hepliaklqana.
  1326 | D:2      | Reached skill level 4 in Unarmed Combat
  1326 | D:2      | Reached XP level 3. HP: 26/27 MP: 2/6
  1444 | D:2      | Noticed Jessica
  1454 | D:2      | Killed Jessica
  1618 | D:2      | Reached XP level 4. HP: 27/33 MP: 5/7
  2653 | D:3      | Reached skill level 5 in Unarmed Combat
  2665 | D:3      | Reached XP level 5. HP: 19/40 MP: 8/8
  3598 | D:3      | Reached skill level 6 in Unarmed Combat
  3649 | D:3      | Found a basalt altar of Yredelemnul.
  3691 | D:3      | Found a large runed translucent door.
  3691 | D:3      | Found a large runed translucent door.
  3693 | D:3      | Noticed Colgate's ghost (weakling SpDe)
  3700 | D:3      | Reached XP level 6. HP: 43/47 MP: 7/9
  3843 | D:3      | Noticed Ijyb
  3856 | D:3      | Slain by an orc

Illustrated notes

Levels and vault maps discovered:
D:1:      lightli_arrival_maybe_door_vault, layout_basic
D:2:      layout_basic, lemuel_statue_altar, uniq_jessica
D:3:      layout_basic, lemuel_zombie_altar_yredelemnul,
          ebering_ghost_disaster_area, uniq_ijyb

Skill      XL: |  1  2  3  4  5 |
---------------+----------------+-----
Transmutations | 3 |  3.1
Unarmed Combat | 4 5 6 |  6.1
Fighting       | 2 3 |  3.5
Dodging        | |  2.6
Spellcasting   | |  2.0

Action                   |  1- 3 |  4- 6 || total
-------------------------+-------+-------++-------
Melee: Unarmed           |    68 |   135 ||   203
       Headbutt          |    11 |    20 ||    31
       Punch             |     2 |     4 ||     6
 Cast: Beastly Appendage |    20 |    22 ||    42
  Use: Potion            |     1 |     1 ||     2
 Stab: Sleeping          |     1 |     1 ||     2
Armor: Robe              |    18 |    30 ||    48
Dodge: Dodged            |    60 |   131 ||   191

Table legend: (Time is in decaauts)
 A = Elapsed time spent in this place.
 B = Non-inter-level travel time spent in this place.
 C = Inter-level travel time spent in this place.
 D = Time resting spent in this place.
 E = Time spent auto-exploring this place.
 F = Levels seen in this place.
 G = Mean time per level.
                   A        B        C        D        E       F      G
               +--------+--------+--------+--------+--------+-----+--------+
         Total |   3839 |   3801 |     38 |    618 |   2653 |   3 | 1279.7 |
       Dungeon |   3839 |   3801 |     38 |    618 |   2653 |   3 | 1279.7 |
               +--------+--------+--------+--------+--------+-----+--------+

Top non-repeatable levels by time:
     D:3: 1403 daAuts
     D:1: 1269 daAuts
     D:2: 1166 daAuts
